TOP OF THE 1ST |
Chicago Cubs batting - Pitching for San Diego Padres : RHP Adam Thompson
|
Pitching: RHP Adam Thompson
|
|
Batting: RHB Yasuhide Kasahara
|
0-0: Ball 1-0: Fly out, F8 (Flyball, 8RM, EV 85.0 MPH)
|
Batting: RHB Kaeo Zirpoli
|
0-0: Fly out, F7 (Flyball, 78D, EV 100.0 MPH)
|
Batting: RHB Efrain Vargas
|
0-0: Called Strike 0-1: Called Strike 0-2: Ball 1-2: Ball 2-2: Foul Ball, location: 2F 2-2: Ball 3-2: Reached on error, E5 (Groundball, 56, EV 86.2 MPH)
|
Batting: RHB Josh Kalman
|
0-0: Called Strike 0-1: Called Strike 0-2: Fielders Choice at 2nd, 6-4 (Groundball, 6, EV 86.2 MPH)
|
Top of the 1st over - 0 runs, 0 hits, 1 error, 1 left on base; Chicago 0 - San Diego 0 |
BOTTOM OF THE 1ST |
San Diego Padres batting - Pitching for Chicago Cubs : RHP Chris Ray
|
Pitching: RHP Chris Ray
|
|
Batting: LHB Ryan Flynn Jr.
|
0-0: Ball 1-0: Foul Ball, location: 2F 1-1: Ball 2-1: TRIPLE (Line Drive, 78XD, EV 107.5 MPH)
|
Batting: SHB Phil Zacharia
|
0-0: Foul Ball, location: 2F 0-1: Foul Ball, location: 2F 0-2: Foul Ball, location: 2F 0-2: Foul Ball, location: 2F 0-2: Ball 1-2: Ball 2-2: Ball 3-2: Base on Balls
|
Batting: RHB Manny Vergara
|
0-0: Ball 1-0: Called Strike 1-1: Ball 2-1: Grounds into double play, 4-6-3 (Groundball, 4M, EV 98.1 MPH) Ryan Flynn Jr. scores
|
Batting: RHB Jorge Severiano
|
0-0: Ball 1-0: Ball 2-0: Ball 3-0: Base on Balls
|
Batting: LHB Aaron LeBlanc
|
0-0: Ground out 4-3 (Groundball, 4S, EV 87.5 MPH)
|
Bottom of the 1st over - 1 run, 1 hit, 0 errors, 1 left on base; Chicago 0 - San Diego 1 |
TOP OF THE 2ND |
Chicago Cubs batting - Pitching for San Diego Padres : RHP Adam Thompson
|
Batting: LHB Kevin Norton
|
0-0: Swinging Strike 0-1: Ball 1-1: Called Strike 1-2: Strikes out looking
|
Batting: SHB Seung-ho Zhang
|
0-0: Called Strike 0-1: Fly out, F5 (Line Drive, 5, EV 69.4 MPH)
|
Batting: RHB Steve Bui
|
0-0: Ball 1-0: Called Strike 1-1: Called Strike 1-2: Ball 2-2: SINGLE (Groundball, 6MD, EV 102.5 MPH)
|
Batting: RHB Shintaro Katsumata
|
0-0: Swinging Strike 0-1: Ball 1-1: Swinging Strike 1-2: Strikes out swinging
|
Top of the 2nd over - 0 runs, 1 hit, 0 errors, 1 left on base; Chicago 0 - San Diego 1 |
BOTTOM OF THE 2ND |
San Diego Padres batting - Pitching for Chicago Cubs : RHP Chris Ray
|
Batting: SHB Rich Chavez
|
0-0: Swinging Strike 0-1: Ball 1-1: Foul Ball, location: 2F 1-2: Ball 2-2: Ground out U3 (Groundball, 34S, EV 83.1 MPH)
|
Batting: RHB Chiel Palstermans
|
0-0: Called Strike 0-1: Swinging Strike 0-2: Ball 1-2: Ground out U3 (Groundball, 3, EV 80.0 MPH)
|
Batting: RHB Jose Morrissey
|
0-0: Called Strike 0-1: Ball 1-1: Foul Ball, location: 2F 1-2: Strikes out swinging
|
Bottom of the 2nd over - 0 runs, 0 hits, 0 errors, 0 left on base; Chicago 0 - San Diego 1 |
TOP OF THE 3RD |
Chicago Cubs batting - Pitching for San Diego Padres : RHP Adam Thompson
|
Batting: RHB Rich Thurman
|
0-0: Swinging Strike 0-1: Swinging Strike 0-2: Ball 1-2: Foul Ball, location: 2F 1-2: Strikes out looking
|
Batting: RHB Yasuhide Kasahara
|
0-0: Swinging Strike 0-1: Ball 1-1: Swinging Strike 1-2: Ball 2-2: Ball 3-2: Foul Ball, location: 2F 3-2: SINGLE (Line Drive, 89M, EV 87.5 MPH)
|
Batting: RHB Kaeo Zirpoli
|
0-0: Ball 1-0: Foul Ball, location: 2F 1-1: Ball 2-1: Called Strike 2-2: Fly out, F9 (Flyball, 89S, EV 78.1 MPH)
|
Batting: RHB Efrain Vargas
|
0-0: Ball 1-0: Called Strike 1-1: Ball 2-1: Ball 3-1: Base on Balls Yasuhide Kasahara to second
|
Batting: RHB Josh Kalman
|
0-0: Called Strike 0-1: Fly out, F7 (Line Drive, 7, EV 105.0 MPH)
|
Top of the 3rd over - 0 runs, 1 hit, 0 errors, 2 left on base; Chicago 0 - San Diego 1 |
BOTTOM OF THE 3RD |
San Diego Padres batting - Pitching for Chicago Cubs : RHP Chris Ray
|
Batting: RHB Andy Sheridan
|
0-0: Fly out, F8 (Line Drive, 8LD, EV 85.0 MPH)
|
Batting: LHB Ryan Flynn Jr.
|
0-0: Foul Ball, location: 2F 0-1: Ball 1-1: Called Strike 1-2: SINGLE (Flyball, 9S, EV 88.8 MPH)
|
Batting: SHB Phil Zacharia
|
0-0: Foul Ball, location: 2F 0-1: Called Strike 0-2: Strikes out swinging
|
Batting: RHB Manny Vergara
|
0-0: Called Strike 0-1: Swinging Strike 0-2: Strikes out swinging
|
Bottom of the 3rd over - 0 runs, 1 hit, 0 errors, 1 left on base; Chicago 0 - San Diego 1 |
TOP OF THE 4TH |
Chicago Cubs batting - Pitching for San Diego Padres : RHP Adam Thompson
|
Batting: LHB Kevin Norton
|
0-0: Ball 1-0: Ball 2-0: Swinging Strike 2-1: Foul Ball, location: 2F 2-2: Ball 3-2: Foul Ball, location: 2F 3-2: Foul Ball, location: 2F 3-2: Foul Ball, location: 2F 3-2: Base on Balls
|
Batting: SHB Seung-ho Zhang
|
0-0: Ball 1-0: Called Strike 1-1: Ball 2-1: Ball 3-1: Grounds into double play, 4-6-3 (Groundball, 4, EV 83.8 MPH)
|
Batting: RHB Steve Bui
|
0-0: Ground out 4-3 (Groundball, 4, EV 95.0 MPH)
|
Top of the 4th over - 0 runs, 0 hits, 0 errors, 0 left on base; Chicago 0 - San Diego 1 |
BOTTOM OF THE 4TH |
San Diego Padres batting - Pitching for Chicago Cubs : RHP Chris Ray
|
Batting: RHB Jorge Severiano
|
0-0: Swinging Strike 0-1: Ball 1-1: Foul Ball, location: 2F 1-2: Fly out, F9 (Flyball, 9, EV 87.5 MPH)
|
Batting: LHB Aaron LeBlanc
|
0-0: Called Strike 0-1: Ball 1-1: Ball 2-1: Ball 3-1: Base on Balls
|
Batting: SHB Rich Chavez
|
0-0: Called Strike 0-1: Swinging Strike 0-2: Ball 1-2: Foul Ball, location: 2F 1-2: Ball Aaron LeBlanc steals 2nd base 2-2: Fly out, F7 (Flyball, 7, EV 90.0 MPH)
|
Batting: RHB Chiel Palstermans
|
0-0: Called Strike 0-1: Ground out 5-3 (Groundball, 56S, EV 88.1 MPH)
|
Bottom of the 4th over - 0 runs, 0 hits, 0 errors, 1 left on base; Chicago 0 - San Diego 1 |
TOP OF THE 5TH |
Chicago Cubs batting - Pitching for San Diego Padres : RHP Adam Thompson
|
Batting: RHB Shintaro Katsumata
|
0-0: Called Strike 0-1: SINGLE (Groundball, 6MS, EV 69.4 MPH) (infield hit)
|
Batting: RHB Rich Thurman
|
0-0: Ball 1-0: Swinging Strike 1-1: Foul Ball, location: 2F 1-2: Ball 2-2: Strikes out swinging
|
Batting: RHB Yasuhide Kasahara
|
0-0: Fly out, F7 (Flyball, 7S, EV 83.1 MPH)
|
Batting: RHB Kaeo Zirpoli
|
0-0: Called Strike 0-1: Ball 1-1: SINGLE (Groundball, 25, EV 61.9 MPH) (infield hit) Shintaro Katsumata to second
|
Batting: RHB Efrain Vargas
|
0-0: Foul Ball, location: 2F 0-1: Fly out, F7 (Line Drive, 7S, EV 105.0 MPH)
|
Top of the 5th over - 0 runs, 2 hits, 0 errors, 2 left on base; Chicago 0 - San Diego 1 |
BOTTOM OF THE 5TH |
San Diego Padres batting - Pitching for Chicago Cubs : RHP Chris Ray
|
Batting: RHB Jose Morrissey
|
0-0: Called Strike 0-1: Ball 1-1: Ground out U3 (Groundball, 34S, EV 68.8 MPH)
|
Batting: RHB Andy Sheridan
|
0-0: Called Strike 0-1: SINGLE (Line Drive, 9S, EV 108.1 MPH)
|
Batting: LHB Ryan Flynn Jr.
|
0-0: Swinging Strike 0-1: Fly out, F6 (Line Drive, 6, EV 64.4 MPH)
|
Batting: SHB Phil Zacharia
|
0-0: Ball 1-0: Ball 2-0: Called Strike 2-1: Ball 3-1: Base on Balls Andy Sheridan to second
|
Batting: RHB Manny Vergara
|
0-0: Ball 1-0: Called Strike 1-1: Swinging Strike 1-2: Ball 2-2: Ball 3-2: Base on Balls Andy Sheridan to third Phil Zacharia to second
|
Batting: RHB Jorge Severiano
|
0-0: Ball 1-0: Swinging Strike 1-1: Ball 2-1: Fielders Choice at 2nd, 6-4 (Groundball, 56, EV 90.0 MPH)
|
Bottom of the 5th over - 0 runs, 1 hit, 0 errors, 3 left on base; Chicago 0 - San Diego 1 |
TOP OF THE 6TH |
Chicago Cubs batting - Pitching for San Diego Padres : RHP Adam Thompson
|
Batting: RHB Josh Kalman
|
0-0: Ball 1-0: Called Strike 1-1: Ball 2-1: Fly out, F5 (Popup, 56S, EV 85.6 MPH)
|
Batting: LHB Kevin Norton
|
0-0: Ball 1-0: Foul Ball, location: 2F 1-1: Ball 2-1: Foul Ball, location: 2F 2-2: Strikes out swinging
|
Batting: SHB Seung-ho Zhang
|
0-0: Foul Ball, location: 2F 0-1: Foul Ball, location: 2F 0-2: Ball 1-2: Ball 2-2: Strikes out swinging
|
Top of the 6th over - 0 runs, 0 hits, 0 errors, 0 left on base; Chicago 0 - San Diego 1 |
BOTTOM OF THE 6TH |
San Diego Padres batting - Pitching for Chicago Cubs : RHP Chris Ray
|
Batting: LHB Aaron LeBlanc
|
0-0: Foul Ball, location: 2F 0-1: Fly out, F7 (Flyball, 78M, EV 73.8 MPH)
|
Batting: SHB Rich Chavez
|
0-0: Ball 1-0: Foul Ball, location: 2F 1-1: Ball 2-1: Ball 3-1: Base on Balls
|
Batting: RHB Chiel Palstermans
|
0-0: Ball 1-0: Called Strike 1-1: Foul Ball, location: 2F 1-2: Ball 2-2: Foul Ball, location: 2F 2-2: Foul Ball, location: 2F 2-2: Fly out, F9 (Line Drive, 89M, EV 103.1 MPH)
|
Batting: RHB Jose Morrissey
|
0-0: DOUBLE (Groundball, 3L, EV 93.8 MPH) Rich Chavez to third
|
Batting: RHB Andy Sheridan
|
0-0: Ball 1-0: Called Strike 1-1: Called Strike 1-2: Ball 2-2: Fly out, F9 (Line Drive, 89M, EV 101.2 MPH)
|
Bottom of the 6th over - 0 runs, 1 hit, 0 errors, 2 left on base; Chicago 0 - San Diego 1 |
TOP OF THE 7TH |
Chicago Cubs batting - Pitching for San Diego Padres : RHP Adam Thompson
|
Batting: RHB Steve Bui
|
0-0: Foul Ball, location: 2F 0-1: Foul Ball, location: 2F 0-2: Foul Ball, location: 2F 0-2: Ball 1-2: Ground out 4-3 (Groundball, 4, EV 87.5 MPH)
|
Pinch Hitting: SHB Steve DiDomenico
|
0-0: Ball 1-0: Foul Ball, location: 2F 1-1: Called Strike 1-2: Foul Ball, location: 2F 1-2: Ball 2-2: Foul Ball, location: 2F 2-2: Ground out 4-3 (Groundball, 34, EV 83.8 MPH)
|
Batting: RHB Rich Thurman
|
0-0: Called Strike 0-1: Called Strike 0-2: Ball 1-2: Strikes out swinging
|
Top of the 7th over - 0 runs, 0 hits, 0 errors, 0 left on base; Chicago 0 - San Diego 1 |
BOTTOM OF THE 7TH |
San Diego Padres batting - Pitching for Chicago Cubs : RHP Chris Ray
|
Pitching: LHP Brock Lewis
|
|
Now at 2B: Elijah Campbell
|
|
Batting: LHB Ryan Flynn Jr.
|
0-0: Fly out, F4 (Line Drive, 34, EV 98.8 MPH)
|
Batting: SHB Phil Zacharia
|
0-0: Swinging Strike 0-1: Ball 1-1: Foul Ball, location: 2F 1-2: Ball 2-2: Strikes out swinging
|
Batting: RHB Manny Vergara
|
0-0: Called Strike 0-1: Foul Ball, location: 2F 0-2: Ball 1-2: Strikes out looking
|
Bottom of the 7th over - 0 runs, 0 hits, 0 errors, 0 left on base; Chicago 0 - San Diego 1 |
TOP OF THE 8TH |
Chicago Cubs batting - Pitching for San Diego Padres : RHP Adam Thompson
|
Pitching: RHP Raul Almonte
|
|
Batting: RHB Yasuhide Kasahara
|
0-0: Ball 1-0: Ball 2-0: Swinging Strike 2-1: Swinging Strike 2-2: Ball 3-2: Base on Balls
|
Pinch Hitting: SHB Tim Hone
|
0-0: Ball 1-0: Bunted foul 1-1: Ball 2-1: Bunt - Flyout to 5S! F5
|
Batting: RHB Efrain Vargas
|
0-0: Called Strike 0-1: Ball 1-1: Ball 2-1: Ball 3-1: Fly out, F9 (Flyball, 89M, EV 93.1 MPH)
|
Batting: SHB Terry Tuckfard
|
0-0: Ball 1-0: DOUBLE (Line Drive, 78D, EV 113.8 MPH) Yasuhide Kasahara to third Runner from 3rd tries for Home, SAFE, throw by CF to home
|
Pitching: LHP Yuri Thra
|
|
Pinch Hitting: RHB Francisco Ramirez
|
0-0: Hit by Pitch
|
Batting: SHB Seung-ho Zhang
|
0-0: Foul Ball, location: 2F 0-1: Ball 1-1: Ball 2-1: Foul Ball, location: 2F 2-2: Foul Ball, location: 2F 2-2: Foul Ball, location: 2F 2-2: Ball 3-2: Base on Balls Terry Tuckfard to third Francisco Ramirez to second
|
Batting: RHB Steve Bui
|
0-0: Called Strike 0-1: Called Strike 0-2: Strikes out swinging
|
Top of the 8th over - 1 run, 1 hit, 0 errors, 3 left on base; Chicago 1 - San Diego 1 |
BOTTOM OF THE 8TH |
San Diego Padres batting - Pitching for Chicago Cubs : LHP Brock Lewis
|
Now in LF: Tim Hone
|
|
Now in CF: Seung-ho Zhang
|
|
Now in RF: Barend van der Kamp
|
|
Batting: RHB Jorge Severiano
|
0-0: Called Strike 0-1: SINGLE (Line Drive, 78S, EV 102.5 MPH)
|
Batting: SHB Antoine Roux
|
0-0: SINGLE (Line Drive, 8LS, EV 105.0 MPH) Jorge Severiano to second
|
Batting: SHB Rich Chavez
|
0-0: Ball 1-0: Grounds into double play, 6-4-3 (Groundball, 6, EV 80.6 MPH) Jorge Severiano to third
|
Batting: RHB Chiel Palstermans
|
0-0: Called Strike 0-1: Swinging Strike 0-2: Foul Ball, location: 2F 0-2: Strikes out swinging
|
Bottom of the 8th over - 0 runs, 2 hits, 0 errors, 1 left on base; Chicago 1 - San Diego 1 |
TOP OF THE 9TH |
Chicago Cubs batting - Pitching for San Diego Padres : LHP Yuri Thra
|
Batting: RHB Elijah Campbell
|
0-0: Ball 1-0: Called Strike 1-1: Ground out U3 (Groundball, 13, EV 84.4 MPH)
|
Batting: RHB Rich Thurman
|
0-0: Ball 1-0: Ball 2-0: Fly out, F7 (Flyball, 7S, EV 90.0 MPH)
|
Batting: RHB Yasuhide Kasahara
|
0-0: Ball 1-0: Foul Ball, location: 2F 1-1: Ground out 6-3 (Groundball, 6MD, EV 102.5 MPH)
|
Top of the 9th over - 0 runs, 0 hits, 0 errors, 0 left on base; Chicago 1 - San Diego 1 |
BOTTOM OF THE 9TH |
San Diego Padres batting - Pitching for Chicago Cubs : LHP Brock Lewis
|
Batting: RHB Jose Morrissey
|
0-0: Fly out, F6 (Flyball, 6D, EV 90.0 MPH)
|
Batting: RHB Andy Sheridan
|
0-0: Ground out 5-3 (Groundball, 56, EV 103.1 MPH)
|
Batting: LHB Ryan Flynn Jr.
|
0-0: Ball 1-0: Swinging Strike 1-1: Ball 2-1: Foul Ball, location: 2F 2-2: Foul Ball, location: 2F 2-2: Ball 3-2: Strikes out looking
|
Bottom of the 9th over - 0 runs, 0 hits, 0 errors, 0 left on base; Chicago 1 - San Diego 1 |
TOP OF THE 10TH |
Chicago Cubs batting - Pitching for San Diego Padres : LHP Yuri Thra
|
Batting: SHB Tim Hone
|
0-0: Swinging Strike 0-1: Ball 1-1: Called Strike 1-2: Ball 2-2: Foul Ball, location: 2F 2-2: Ball 3-2: Ground out 6-3 (Groundball, 6, EV 87.5 MPH)
|
Batting: RHB Efrain Vargas
|
0-0: Ball 1-0: Foul Ball, location: 2F 1-1: Ball 2-1: Swinging Strike 2-2: Ball 3-2: Foul Ball, location: 2F 3-2: Fly out, F8 (Flyball, 8RS, EV 96.9 MPH)
|
Batting: SHB Terry Tuckfard
|
0-0: Foul Ball, location: 2F 0-1: Swinging Strike 0-2: Strikes out swinging
|
Top of the 10th over - 0 runs, 0 hits, 0 errors, 0 left on base; Chicago 1 - San Diego 1 |
BOTTOM OF THE 10TH |
San Diego Padres batting - Pitching for Chicago Cubs : LHP Brock Lewis
|
Pitching: LHP George Poirier
|
|
Batting: SHB Phil Zacharia
|
0-0: Called Strike 0-1: Foul Ball, location: 2F 0-2: Foul Ball, location: 2F 0-2: Ball 1-2: DOUBLE (Line Drive, 7LS, EV 101.9 MPH)
|
Batting: RHB Manny Vergara
|
0-0: Called Strike 0-1: Ball 1-1: Called Strike 1-2: Strikes out swinging
|
Batting: RHB Jorge Severiano
|
0-0: SINGLE (Groundball, 6MD, EV 110.6 MPH) Phil Zacharia to third Runner from 3rd tries for Home, SAFE, throw by CF to home
|
Bottom of the 10th over - 1 run, 2 hits, 0 errors, 1 left on base; Chicago 1 - San Diego 2 |
|